 Dungeon Crawl Stone Soup version 0.18-a0-5-gf1fb587 (webtiles) character file.

448 mrath the Digger (level 7, 0/36 HPs)
             Began as a Gargoyle Earth Elementalist on Oct 31, 2015.
             Slain by a gnoll
             ... wielding a +0 spear
              (3 damage)
             ... on level 4 of the Dungeon on Nov 1, 2015.
             The game lasted 00:29:38 (4414 turns).

mrath the Digger (Gargoyle Earth Elementalist)      Turns: 4414, Time: 00:29:38

Health: 0/36       AC:  6    Str: 12    XL:     7   Next: 3%
Magic:  12/14      EV: 12    Int: 17    God:
Gold:   205        SH:  0    Dex: 10    Spells: 3 memorised, 9 levels left

rFire  . . .     SeeInvis .     e - +1 whip (elec)
rCold  . . .     Clarity  .     b - +0 robe
rNeg   + . .     SustAt   .     (no shield)
rPois  ∞         Gourm    .     (no helmet)
rElec  +         Spirit   .     (no cloak)
rCorr  .         Warding  .     (no gloves)
rMut   .         Stasis   .     (no boots)
MR     .....                    (no amulet)
Stlth  ++........               (no ring)
                                (no ring)

@: not resistant to hostile enchantments, unstealthy
A: negative energy resistance 1, electricity resistance, unbreathing,
petrification resistance, rot immunity, AC +4
a: no special abilities


You were on level 4 of the Dungeon.
You were hungry.

You visited 1 branch of the dungeon, and saw 4 of its levels.

You collected 205 gold pieces.

Inventory:

Hand Weapons
 e - a +1 whip of electrocution (weapon)
 r - a +0 spear
 x - a cursed -1 dagger
Missiles
 a - 8 stones (quivered)
 m - 44 poisoned needles
 B - 27 sling bullets
 D - 7 poisoned sling bullets
Armour
 b - a +0 robe (worn)
Jewellery
 k - an uncursed ring of protection from magic {unknown}
 F - an uncursed ring of poison resistance {unknown}
Scrolls
 f - a scroll of magic mapping {unknown}
 g - 2 scrolls of remove curse {unknown}
 j - 2 scrolls of random uselessness {unknown}
 l - a scroll of blinking {unknown}
 o - a scroll of enchant weapon {unknown}
 q - 3 scrolls of identify {unknown}
 u - 3 scrolls of immolation {unknown}
 y - 2 scrolls of teleportation {unknown}
 A - 2 scrolls of enchant armour {unknown}
Potions
 h - a potion of brilliance {unknown}
 i - 2 potions of flight {unknown}
 n - a potion of heal wounds {unknown}
 p - a potion of agility {unknown}
 s - 2 potions of haste {unknown}
 v - a potion of might {unknown}
 z - 2 potions of curing {unknown}
 C - a potion of cure mutation {unknown}
 E - 2 potions of cancellation {unknown}
Books
 c - a book of Geomancy

   Spells                             Type                      Level
   a - Sandblast                      Earth                        1
   b - Stoneskin                      Transmutation/Earth          2
   c - Passwall                       Transmutation/Earth          3
   d - Stone Arrow                    Conjuration/Earth            3
   e - Petrify                        Transmutation/Earth          4
   f - Lee's Rapid Deconstruction     Earth                        5
Comestibles
 d - 3 bread rations
 t - a meat ration
 w - 3 chunks of flesh


   Skills:
 - Level 1.5 Dodging
 - Level 2.1 Stealth
 * Level 4.8 Spellcasting
 + Level 3.2 Conjurations
 - Level 0.7 Transmutations
 + Level 5.9 Earth Magic


You had 9 spell levels left.
You knew the following spells:

 Your Spells              Type           Power        Failure   Level  Hunger
a - Sandblast             Erth           ###...       1%          1    None
b - Stoneskin             Trmt/Erth      ###.....     6%          2    #......
c - Stone Arrow           Conj/Erth      ###...       10%         3    ###....


Dungeon Overview and Level Annotations

Branches:
Dungeon (4/15)
 Temple: D:4-7

Altars:
Elyvilon
Gozag
Nemelex Xobeh
Sif Muna


Innate Abilities, Weirdness & Mutations

You are resistant to torment.
Your stone body is resilient (AC +4).
You are immune to poison.
You resist negative energy.
You are resistant to electric shocks.
You can survive without breathing.
You are immune to petrification.
You are immune to rotting.


Message History

Confirm with . or Enter, or press ? or * to list all spells.
Aiming: Sandblast
Press: ? - help, Shift-Dir - straight line, f - gnoll
Aim: a gnoll, wielding a spear The blast of sand hits the gnoll.
Casting: Sandblast
Confirm with . or Enter, or press ? or * to list all spells.
Aiming: Sandblast
Press: ? - help, Shift-Dir - straight line, f/p - gnoll
Aim: a gnoll, wielding a spear The blast of sand hits the gnoll.
The gnoll is severely wounded.
The gnoll hits you from afar with a spear.
* * * LOW HITPOINT WARNING * * *
The gnoll hits you with a spear.
* * * LOW HITPOINT WARNING * * *
You barely miss the gnoll.
The gnoll is severely wounded.
The gnoll hits you with a spear.
You die...

#.# #..# ##.....## #.#
#..######.### # #.#
####......#..# #####.#.#
#.....÷......#
......#.#####.##.####.####
..............##.# #.#
#######.########.####.##
###.########.#.....####
#...†!.g@....#.#......#
≈8≈≈..############.....##.#
≈≈≈... ##.#.###.# ....#
#.#.# #.# ##.# #.#.# #.# #.
#.#.# #)# # #.# #.# #.# #.#
#.# #.#


You could see a gnoll.

Vanquished Creatures
  An ogre (D:4)
  A hound (D:4)
  A gnoll shaman (D:4)
  2 iguanas (D:4)
  A giant frog skeleton (D:4)
  Jessica (D:3)
  A worker ant (D:4)
  3 gnolls (D:4)
  9 adders
  A worm (D:2)
  A giant gecko (D:1)
  2 orcs (D:3)
  7 giant cockroaches
  7 goblins
  3 hobgoblins
  2 jackals (D:1)
  2 ball pythons
  A ball python skeleton (D:3)
  6 bats (D:1)
  A giant gecko skeleton (D:4)
  3 giant newts
  8 kobolds
  2 quokkas (D:2)
  4 rats
70 creatures vanquished.

Notes
Turn   | Place    | Note
--------------------------------------------------------------
     0 | D:1      | mrath the Gargoyle Earth Elementalist began the quest for the Orb.
     0 | D:1      | Reached XP level 1. HP: 10/10 MP: 3/3
   533 | D:1      | Reached XP level 2. HP: 15/15 MP: 3/5
   537 | D:1      | Reached skill level 4 in Earth Magic
  1204 | D:1      | Reached XP level 3. HP: 19/19 MP: 4/7
  1239 | D:1      | Learned a level 2 spell: Stoneskin
  1243 | D:1      | Learned a level 3 spell: Stone Arrow
  1799 | D:2      | Found a white marble altar of Elyvilon.
  2075 | D:2      | Reached skill level 1 in Conjurations
  2075 | D:2      | Reached XP level 4. HP: 24/24 MP: 6/8
  2599 | D:3      | Found a faded altar to an unknown god.
  2682 | D:3      | Found a deep blue altar of Sif Muna.
  2683 | D:3      | Found a sparkling altar of Nemelex Xobeh.
  2849 | D:3      | Noticed Jessica
  2863 | D:3      | Killed Jessica
  2986 | D:3      | Reached XP level 5. HP: 23/28 MP: 6/10
  3070 | D:3      | Found an opulent altar of Gozag.
  3608 | D:4      | Reached skill level 5 in Earth Magic
  3851 | D:4      | Found an opulent altar of Gozag.
  3878 | D:4      | Reached XP level 6. HP: 32/32 MP: 2/12
  4220 | D:4      | Noticed an ogre
  4238 | D:4      | Killed an ogre
  4404 | D:4      | Reached XP level 7. HP: 22/36 MP: 12/14
  4414 | D:4      | Slain by a gnoll

Vault maps used:
D:1:      dpeg_arrival_orchard, st_stairs_1
D:2:      elyvilon_altar_5
D:3:      overflow_temple_1_default, nicolae_overflow_hidden_temple,
          ecumenical_altar_1, uniq_jessica
D:4:      first_bread, moated_statue, grunt_gozag_statues

Action                   |  1- 3 |  4- 6 |  7- 9 || total
-------------------------+-------+-------+-------++-------
Melee: Whip              |    27 |    42 |     1 ||    70
Throw: Stone             |       |     1 |       ||     1
 Cast: Sandblast         |    64 |    89 |     2 ||   155
  Eat: Chunk             |     3 |     3 |       ||     6
       Fruit             |     1 |     1 |       ||     2
       Pizza             |       |     2 |       ||     2
